 Dungeon Crawl Stone Soup version 0.30-a0-937-ga0a21ad780 (webtiles) character file.

Game seed: 10810589241310719913

1453 jimonade the Cleaver (level 8, -1/70 HPs)
             Began as a Hill Orc Fighter on Mar 24, 2023.
             Was an Initiate of Beogh.
             Slain by Eustachio
             ... wielding a +0 falchion
              (3 damage)
             ... on level 6 of the Dungeon on Mar 25, 2023.
             The game lasted 00:16:25 (6095 turns).

jimonade the Cleaver (Hill Orc Fighter)             Turns: 6095, Time: 00:16:26

Health: -1/70      AC: 15    Str: 19    XL:     8   Next: 76%
Magic:  12/12      EV:  5    Int: 10    God:    Beogh [......]
Gold:   270        SH:  5    Dex: 10    Spells: 7/7 levels left

rFire   . . .      SeeInvis .    a - +1 war axe
rCold   . . .      Faith    .    c - +0 buckler
rNeg    . . .      Spirit   .    v - +0 plate armour
rPois   +          Reflect  .    L - +0 helmet
rElec   .          Rampage  .    (no cloak)
rCorr   +                        (no gloves)
Will    .....                    o - +0 pair of boots Stlth
                                 j - amulet of magic regeneration
HPRegen 0.31/turn                F - ring of resist corrosion
MPRegen 0.53/turn                C - ring of poison resistance

@: no status effects
A: no striking features
a: Renounce Religion


You were on level 6 of the Dungeon.
You worshipped Beogh.
Beogh was noncommittal.
You visited 1 branch of the dungeon, and saw 6 of its levels.

You collected 270 gold pieces.

Inventory:

Hand Weapons
 a - a +1 war axe (weapon)
 A - a +0 hand axe
 B - a +2 spear of chaos
 D - a +2 spear of chaos
 K - a +2 heavy flail
Missiles
 J - 19 poisoned darts (quivered)
Armour
 b - a +0 scale mail
 c - a +0 buckler (worn)
 o - a +0 pair of boots (worn)
 r - a +0 chain mail
 s - a +1 leather armour of positive energy
 v - a +0 plate armour (worn)
 L - a +0 helmet (worn)
Jewellery
 f - a ring of protection from fire
 j - an amulet of magic regeneration (around neck)
 C - a ring of poison resistance (right hand)
 F - a ring of resist corrosion (left hand)
Wands
 G - a wand of acid (3)
Scrolls
 e - 3 scrolls of enchant weapon
 h - 3 scrolls of teleportation {unknown}
 i - 2 scrolls of vulnerability
 l - a scroll of magic mapping {unknown}
 p - 3 scrolls of brand weapon {unknown}
 q - a scroll of amnesia
 t - a scroll of poison {unknown}
 u - a scroll of torment {unknown}
 x - a scroll of immolation {unknown}
 y - 2 scrolls of identify
 I - 3 scrolls of fear {unknown}
Potions
 d - 5 potions of might
 g - 3 potions of curing
 k - a potion of cancellation {unknown}
 m - 2 potions of brilliance
 n - a potion of ambrosia {unknown}
 w - 2 potions of attraction {unknown}
 z - a potion of mutation {unknown}
 E - a potion of magic {unknown}
 H - a potion of haste


   Skills:
 + Level 5.9 Fighting
 + Level 8.4 Axes
 + Level 0.5 Throwing
 + Level 6.1 Armour
 + Level 5.0 Shields
 * Level 5.9 Invocations
 + Level 0.1 Evocations


You had 7 spell levels left.
You didn't know any spells.
Your spell library was empty.

Dungeon Overview and Level Annotations

Branches:
Dungeon (6/15)             Temple (0/1) D:5

Altars:
Elyvilon
Xom

Shops:
D:1 =   D:4 :

Annotations:
D:6 Eustachio


Message History

The bat's corpse disappears in a puff of smoke!
You slash the ufetubus!
You kill the ufetubus!
The ufetubus disappears in a puff of smoke!
Eustachio barely misses you.
The iron imp hits you but does no damage.
The white imp grins evilly.
The white imp gestures at you. The puff of frost hits you!
* * * LOW HITPOINT WARNING * * *
You hit Eustachio.
Eustachio is almost dead.
You closely miss the river rat. You hit the iron imp but do no damage.
The river rat bites you but does no damage.
Eustachio hits you but does no damage.
The iron imp hits you but does no damage.
You barely miss Eustachio.
Eustachio is almost dead.
You slash the white imp! You barely miss the river rat. You slash the iron imp!
You block the river rat's attack. Eustachio hits you but does no damage.
The white imp gestures at you.
The puff of frost hits you but does no damage.
You barely miss Eustachio.
Eustachio is almost dead.
You slash the white imp!
You kill the white imp!
The white imp disappears in a puff of smoke!
You hit the river rat. You hit the iron imp.
The river rat bites you but does no damage.
The iron imp barely misses you. Eustachio hits you but does no damage.
The river rat bites you but does no damage.
You closely miss Eustachio.
Eustachio is almost dead.
You slash the river rat!
You kill the river rat!
The river rat's corpse disappears in a puff of smoke!
You hit the iron imp. Eustachio hits you but does no damage.
The iron imp hits you but does no damage.
Eustachio hits you with a +0 falchion.
You die...

##.####...##...#...........##
#..#.#.# #....#.#.##.......#
####......###.....##...........
.
#..................#..#.......
.
........#.....#.##...##.......
. ..#...###.....#.##....#. .#.
. ###....#................ #
##.....................
#...........ยง@........
#...........5@........
#....................
#...###.....).........
.......................
......#...........#.....
.....##.................
.....#..................
.................


You could see Eustachio and an iron imp (summoned).

Vanquished Creatures
  Prince Ribbit (D:6)
  A water moccasin (D:5)
  An ice beast (D:5)
  2 ogres
  A kobold brigand (D:6)
  A gnoll sergeant (D:5)
  4 scorpions
  A jelly (D:5)
  2 hounds (D:5)
  2 sleepcaps (D:6)
  5 iguanas
  An orc wizard (D:5)
  3 gnolls
  7 adders
  A white imp (D:6)
  An ufetubus (D:6)
  4 dart slugs
  17 orcs
  10 ball pythons
  4 bats
  6 endoplasms
  3 giant cockroaches
  8 hobgoblins
  6 jackals
  6 quokkas
  5 frilled lizards
  7 goblins
  19 kobolds
  2 rats
131 creatures vanquished.

Vanquished Creatures (others)
  An orc wizard (D:5)
1 creature vanquished.

Grand Total: 132 creatures vanquished

Notes
Turn   | Place    | Note
-------+----------+-------------------------------------------
     0 | D:1      | jimonade the Hill Orc Fighter began the quest for the Orb.
     0 | D:1      | Reached XP level 1. HP: 19/19 MP: 1/1
     2 | D:1      | Noticed a demigod
     4 | D:1      | Noticed a minotaur
     6 | D:1      | Noticed a vine stalker
     6 | D:1      | Noticed a spriggan
     8 | D:1      | Noticed an ogre
    10 | D:1      | Noticed a meteoran
    10 | D:1      | Noticed a troll
    12 | D:1      | Noticed a tengu
    12 | D:1      | Noticed an octopode
    14 | D:1      | Noticed a naga
    14 | D:1      | Noticed a gargoyle
    16 | D:1      | Noticed a human
    16 | D:1      | Noticed an armataur
    18 | D:1      | Noticed a draconian
    18 | D:1      | Noticed a merfolk
    20 | D:1      | Noticed a formicid
    20 | D:1      | Noticed a vampire
    22 | D:1      | Noticed an elf
    22 | D:1      | Noticed a ghoul
    24 | D:1      | Noticed a felid
    24 | D:1      | Noticed a demigod
    26 | D:1      | Noticed a spriggan
    26 | D:1      | Noticed a formicid
   183 | D:1      | Reached XP level 2. HP: 27/27 MP: 2/2
   309 | D:1      | Reached skill level 3 in Axes
   361 | D:1      | Reached skill level 1 in Invocations
   725 | D:1      | Found Xutwecau's Jewellery Boutique.
   773 | D:1      | Reached XP level 3. HP: 33/33 MP: 3/3
  1086 | D:2      | Found a white marble altar of Elyvilon.
  1300 | D:2      | You fall into a shaft and drop 2 floors!
  1329 | D:4      | Reached XP level 4. HP: 40/40 MP: 5/5
  1442 | D:4      | Reached skill level 4 in Axes
  1515 | D:4      | Noticed a scorpion
  1530 | D:4      | Killed a scorpion
  1531 | D:4      | Reached XP level 5. HP: 37/47 MP: 5/7
  2011 | D:3      | Reached skill level 5 in Axes
  2433 | D:2      | Reached XP level 6. HP: 53/53 MP: 8/8
  3305 | D:4      | Found Wacisoto's Book Shop.
  3561 | D:5      | Entered Level 5 of the Dungeon
  3896 | D:5      | Reached skill level 6 in Axes
  3896 | D:5      | Reached XP level 7. HP: 54/60 MP: 9/9
  3905 | D:5      | Reached skill level 5 in Armour
  4011 | D:5      | Reached skill level 5 in Fighting
  4181 | D:5      | Found a shimmering altar of Xom.
  4489 | D:5      | Became a worshipper of Beogh the Brigand
  4570 | D:5      | Reached skill level 7 in Axes
  4577 | D:5      | Found a staircase to the Ecumenical Temple.
  4598 | D:5      | Reached XP level 8. HP: 50/68 MP: 11/11
  4927 | D:5      | Reached skill level 5 in Invocations
  4958 | D:6      | HP: 3/69 [ogre/+0 giant club (9)]
  5443 | D:6      | Reached skill level 8 in Axes
  5670 | D:6      | Noticed Prince Ribbit
  5699 | D:6      | Killed Prince Ribbit
  5700 | D:6      | Reached skill level 5 in Shields
  6005 | D:6      | Noticed Eustachio
  6091 | D:6      | HP: 1/70 [white imp/puff of frost[Eustachio] (7)]
  6095 | D:6      | Slain by Eustachio

Illustrated notes

Levels and vault maps discovered:
D:1:      kb_arrival_jail, layout_basic, serial_shops, nicolae_shop_trees
D:2:      layout_loops_ring, basic_altar
D:3:      cheibrodos_helix_gallery, layout_basic, minmay_quadrilaterals
D:4:      layout_basic, serial_shops, nicolae_shop_waterfront
D:5:      layout_loops_ring, tgw_xom, temple_pool_b,
          chequers_hall_statues_corner_a
D:6:      layout_layer_cave, trog_hazing_becter, kennysheep_small_circle,
          uniq_maggie, uniq_prince_ribbit1, uniq_eustachio

Skill      XL: |  1  2  3  4  5  6  7  8 |
---------------+-------------------------+-----
Axes           | 3 4 5 6 7 8 |  8.4
Invocations    | 1 2 3 4 5 |  5.9
Fighting       | 4 5 |  5.9
Armour         | 4 5 6 |  6.1
Shields        | 4 5 |  5.0
Throwing       | |  0.5
Evocations     | |  0.1

Action                     |  1- 3 |  4- 6 |  7- 9 || total
---------------------------+-------+-------+-------++-------
  Melee: War axe           |    85 |   155 |   189 ||   429
  Throw: Dart              |       |       |    12 ||    12
 Invoke: Convert to Beogh  |       |       |     1 ||     1
  Evoke: Wand              |       |       |     2 ||     2
    Use: Scroll            |       |     5 |       ||     5
 Armour: Scale mail        |    30 |     3 |       ||    33
         Chain mail        |       |    31 |       ||    31
         Plate armour      |       |    58 |   150 ||   208
  Dodge: Dodged            |    39 |    50 |    59 ||   148
  Block: Buckler           |    30 |    38 |    54 ||   122

Table legend: (Time is in decaauts)
 A = Elapsed time spent in this place.
 B = Non-inter-level travel time spent in this place.
 C = Inter-level travel time spent in this place.
 D = Time resting spent in this place.
 E = Time spent auto-exploring this place.
 F = Levels seen in this place.
 G = Mean time per level.
                   A        B        C        D        E       F      G
               +--------+--------+--------+--------+--------+-----+--------+
         Total |   6215 |   6089 |    126 |    825 |   3671 |   6 | 1035.8 |
       Dungeon |   6215 |   6089 |    126 |    825 |   3671 |   6 | 1035.8 |
               +--------+--------+--------+--------+--------+-----+--------+

Top non-repeatable levels by time:
     D:5: 1502 daAuts
     D:4: 1219 daAuts
     D:1: 1014 daAuts
     D:2: 867 daAuts
     D:6: 862 daAuts
     D:3: 750 daAuts
